 Dungeon Crawl Stone Soup version 0.15.0-14-g6bbbb5c (webtiles) character file.

5471 tizzy the Cleaver (level 10, -11/67 HPs)
             Began as a Demonspawn Gladiator on Sept 4, 2014.
             Was a Believer of Qazlal.
             Mangled by a hill giant
             ... wielding a +0 giant spiked club
              (23 damage)
             ... on Level 10 of the Dungeon.
             The game lasted 00:22:28 (10259 turns).

tizzy the Cleaver (Demonspawn Gladiator)           Turns: 10259, Time: 00:22:28

HP -11/67        AC 10     Str 18      XL: 10   Next: 42%
MP   0/13        EV 12     Int 10      God: Qazlal [**....]
Gold 467         SH  0     Dex 14      Spells:  4 memorised,  1 level left

rFire  . . .     SeeInvis .     a - +1 war axe
rCold  + . .     Clarity  .     B - +2 leather armour {rC+}
rNeg   . . .     rCorr    .     (no shield)
rPois  .         rRot     .     (helmet restricted)
rElec  .         Spirit   +     z - +0 cloak
SustAb .         Warding  .     w - +0 pair of gloves (curse)
rMut   .         Stasis   .     (no boots)
Gourm  .                        (no amulet)
MR     .....                    h - +2 ring of slaying
                                c - +3 ring of protection

@: confused, slowed, very slow, not resistant to hostile enchantments, very
unstealthy
A: horns 2, powered by death 3, magic shield
a: Upheaval, Renounce Religion


You were on level 10 of the Dungeon.
You worshipped Qazlal.
Qazlal was pleased with you.
You were hungry.

You visited 2 branches of the dungeon, and saw 11 of its levels.

You collected 467 gold pieces.

Inventory:

Hand weapons
 a - a +1 war axe (weapon)
 E - a +0 blowgun
Missiles
 d - 2 throwing nets (quivered)
 F - 7 curare-tipped needles
 G - 27 poisoned needles
Armour
 w - a cursed +0 pair of gloves (worn)
 z - a +0 cloak (worn)
 B - a +2 leather armour of cold resistance (worn)
Magical devices
 q - a wand of random effects (3)
 A - a wand of confusion (10)
 C - a wand of paralysis (12)
Comestibles
 b - a chunk of bat flesh
 f - 11 bread rations
 l - 4 beef jerkies
 s - 3 meat rations
 t - 4 fruits
 x - 3 royal jellies
 D - 2 slices of pizza
Scrolls
 e - 3 scrolls of amnesia
 i - a scroll of magic mapping
 k - 3 scrolls of teleportation
 m - a scroll of enchant weapon
 n - 2 scrolls of remove curse
 p - 2 scrolls of enchant armour
 r - a scroll of random uselessness {unknown}
 v - 7 scrolls of identify
Jewellery
 c - a +3 ring of protection (left hand)
 h - a +2 ring of slaying (right hand)
 y - an uncursed ring of poison resistance
Potions
 g - 3 potions of curing
 j - a potion of flight
Books
 o - a book of the Warp

   Spells                             Type                      Level
   Control Teleport                   Charms/Translocation         4
   Phase Shift                        Translocation                5
   Warp Weapon                        Charms/Translocation         5
   Dispersal                          Translocation                6
   Controlled Blink                   Translocation                7
   Disjunction                        Translocation                8
 H - a book of Frost

   Spells                             Type                      Level
   Freeze                             Ice                          1
   Throw Frost                        Conjuration/Ice              2
   Ozocubu's Armour                   Charms/Ice                   3
   Throw Icicle                       Conjuration/Ice              4
   Summon Ice Beast                   Ice/Summoning                4
   Condensation Shield                Ice                          4
 I - Roxanne's Grimoire of Transmigration and the Rocks
   (You found it on level 10 of the Dungeon)

   Spells                             Type                      Level
   Beastly Appendage                  Transmutation                1
   Stone Arrow                        Conjuration/Earth            3
   Spider Form                        Transmutation/Poison         3
   Passwall                           Transmutation/Earth          3
   Ice Form                           Ice/Transmutation            4
   Blade Hands                        Transmutation                5


   Skills:
 - Level 2.0 Fighting
 * Level 13.8 Axes
 - Level 1.7 Throwing
 - Level 3.0 Dodging
 + Level 2.5 Invocations


You had one spell level left.
You knew the following spells:

 Your Spells              Type           Power        Failure   Level  Hunger
a - Infusion              Chrm           #.....       38%         1    ##.....
b - Shroud of Golubria    Chrm/Tloc      #.........   61%         2    ###....
c - Song of Slaying       Chrm           #.......     61%         2    ###....
d - Regeneration          Chrm/Necr      #.........   92%         3    ####...


Dungeon Overview and Level Annotations

Branches:
Dungeon (10/15)            Temple (1/1) D:7            Lair (0/8) D:10
    Orc: D:9-12

Altars:
Ashenzari
Cheibriados
Dithmenos
Elyvilon
Fedhas
Kikubaaqudgha
Makhleb
Nemelex Xobeh
Okawaru
Qazlal
Sif Muna
Trog
Vehumet
Xom
Yredelemnul
Zin
The Shining One

Annotations:
D:2 Sigmund


Innate Abilities, Weirdness & Mutations

You have a pair of horns on your head.
You can steal the life force of all defeated enemies in sight.
When hurt, damage is shared between your health and your magic reserves.


Message History

The hill giant hits you with a giant spiked club!!
* * * LOW HITPOINT WARNING * * *
The deep elf fighter casts a spell.
The deep elf fighter seems to speed up.
You closely miss the deep elf fighter.
The deep elf fighter is severely wounded.
You hit the hill giant. You headbutt the hill giant!
The hill giant is heavily wounded.
You slash the fungus!
The fungus is heavily damaged.
The deep elf fighter hits you with a runed long sword.
* * * LOW HITPOINT WARNING * * *
The rat bites the plant but does no damage.
Drink which item? (? for menu, Esc to quit)
You are confused.
It was a potion of confusion.
The deep elf fighter gestures at you while chanting.
You resist.
The hill giant hits you with a giant spiked club!!
You die...

## #### .###...###
#.#......#
##P..P..P..
########...P..P.P..
#..(......%....P.P.
#.........P.P...P.P
####.._..#.%.eP####.P
#........#.ยง@..'..#
#.##.....%%.PCP#)>#
#.#####..}.P.Pr# ##
#.# #.....PPr... #.#
#.#....P.P...
#.#####.###..PPP..P..
#...........P....P.P
##.########.##.....
#.## #.##.##.


You could see a hill giant, a deep elf fighter and 2 rats.

Vanquished Creatures
  Pikel (D:6)
  The ghost of Phlounder the Covered, an experienced GrWn of Qazlal (D:6)
  A wyvern (D:8)
  A spriggan (D:8)
  A yak (D:10)
  A hill giant zombie (D:9)
  Grum (D:8)
  A deep elf mage (D:5)
  A hippogriff (D:8)
  3 wolves (D:8)
  An ice beast (D:4)
  3 sky beasts
  3 phantoms
  3 slaves (D:6)
  4 ogres
  A centaur (D:5)
  3 giant frogs
  An eye of draining (D:9)
  2 scorpions (D:7)
  3 killer bees
  5 wights (D:7)
  A goliath beetle (D:7)
  A jelly (D:5)
  2 crimson imps
  7 hounds
  Crazy Yiuf (D:6)
  3 orc priests
  6 orc wizards
  A kobold skeleton (D:9)
  A quasit (D:5)
  8 worker ants
  6 iguanas
  A crocodile skeleton (D:8)
  An ogre skeleton (D:9)
  A mummy (D:4)
  8 gnolls
  15 adders
  A worker ant zombie (D:6)
  2 shadow imps
  2 giant mites
  An inept item mimic (D:5)
  A goliath beetle zombie (D:5)
  A worm (D:3)
  An adder zombie (D:5)
  An adder skeleton (D:6)
  21 orcs
  2 bat skeletons (D:5)
  10 giant cockroaches
  13 hobgoblins
  18 kobolds
  5 quokkas
  19 bats
  9 giant geckos
  4 giant newts
  13 goblins
  3 jackals (D:3)
  2 kobold zombies
  An orc skeleton (D:8)
  An orc zombie (D:8)
  27 rats
  3 fungi (D:10)
  A plant (D:10)
266 creatures vanquished.

Notes
Turn   | Place    | Note
--------------------------------------------------------------
     0 | D:1      | tizzy, the Demonspawn Gladiator, began the quest for the Orb.
     0 | D:1      | Reached XP level 1. HP: 16/16 MP: 1/1
   397 | D:1      | Reached skill level 3 in Dodging
   463 | D:1      | Gained mutation: You can steal the life force of nearby defeated enemies. [demonic ancestry]
   463 | D:1      | Reached XP level 2. HP: 12/22 MP: 2/2
  1196 | D:2      | Gained mutation: You can steal the life force of defeated enemies. [demonic ancestry]
  1196 | D:2      | Reached XP level 3. HP: 17/27 MP: 3/3
  1453 | D:2      | Noticed Sigmund
  1599 | D:2      | Reached skill level 4 in Axes
  1653 | D:2      | Reached XP level 4. HP: 25/33 MP: 4/4
  2186 | D:2      | Reached skill level 5 in Axes
  2234 | D:4      | Noticed an ogre
  2246 | D:3      | Killed an ogre
  2246 | D:3      | Gained mutation: When hurt, damage is shared between your health and your magic reserves. [demonic ancestry]
  2246 | D:3      | Reached XP level 5. HP: 36/38 MP: 5/5
  2465 | D:4      | Reached skill level 6 in Axes
  2465 | D:4      | Reached XP level 6. HP: 34/44 MP: 6/6
  2876 | D:4      | Noticed a phantom
  2905 | D:5      | Entered Level 5 of the Dungeon
  2922 | D:5      | Reached skill level 7 in Axes
  2953 | D:5      | Killed a phantom
  2953 | D:5      | Gained mutation: You have a pair of small horns on your head. [demonic ancestry]
  2953 | D:5      | Reached XP level 7. HP: 9/50 MP: 2/7
  3733 | D:4      | Noticed an ice beast
  4005 | D:4      | Killed an ice beast
  4005 | D:4      | Reached skill level 8 in Axes
  4491 | D:5      | Reached skill level 9 in Axes
  4491 | D:5      | Reached XP level 8. HP: 44/56 MP: 6/8
  5418 | D:6      | Noticed Phlounder's ghost (experienced GrWn)
  5952 | D:5      | Reached skill level 10 in Axes
  7181 | D:6      | Noticed Crazy Yiuf
  7188 | D:6      | Killed Crazy Yiuf
  7450 | D:7      | Gained mutation: You have a pair of horns on your head. [demonic ancestry]
  7450 | D:7      | Reached XP level 9. HP: 37/61 MP: 5/9
  7458 | D:7      | Reached skill level 11 in Axes
  7995 | D:7      | Learned a level 1 spell: Infusion
  7998 | D:7      | Learned a level 2 spell: Shroud of Golubria
  8001 | D:7      | Learned a level 2 spell: Song of Slaying
  8005 | D:7      | Learned a level 3 spell: Regeneration
  8211 | D:7      | Found a staircase to the Ecumenical Temple.
  8220 | Temple   | Entered the Ecumenical Temple
  8319 | Temple   | Became a worshipper of Qazlal Stormbringer
  8491 | D:6      | Killed Phlounder's ghost
  8491 | D:6      | Reached skill level 12 in Axes
  8597 | D:6      | Noticed Pikel
  8607 | D:6      | Killed Pikel
  8976 | D:8      | Reached skill level 13 in Axes
  8976 | D:8      | Gained mutation: You can steal the life force of all defeated enemies in sight. [demonic ancestry]
  8976 | D:8      | Reached XP level 10. HP: 43/67 MP: 7/10
  9210 | D:8      | Acquired Qazlal's first power
  9307 | D:8      | Noticed Grum
  9316 | D:8      | Killed Grum
  9759 | D:9      | Reached skill level 1 in Invocations
  9802 | D:9      | Acquired Qazlal's second power
 10113 | D:10     | Entered Level 10 of the Dungeon
 10175 | D:10     | Identified Roxanne's Grimoire of Transmigration and the Rocks
 10196 | D:10     | Found a bloodstained altar of Trog.
 10249 | D:10     | Noticed a hill giant
 10252 | D:10     | Found a staircase to the Lair.
 10259 | D:10     | Mangled by a hill giant

Action                   |  1- 3 |  4- 6 |  7- 9 | 10-12 || total
-------------------------+-------+-------+-------+-------++-------
Melee: War axe           |   114 |   187 |   530 |   186 ||  1017
 Fire: Blowgun           |       |       |    10 |       ||    10
Throw: Throwing net      |       |     2 |     5 |       ||     7
Evoke: Wand              |       |     1 |     1 |     1 ||     3
  Use: Potion            |       |     6 |     2 |     1 ||     9
       Scroll            |       |       |    10 |       ||    10
 Stab: Sleeping          |       |     1 |       |       ||     1
       Held in net/web   |       |       |     3 |       ||     3
       Distracted        |       |       |     1 |       ||     1
  Eat: Chunk             |     2 |     5 |    12 |     4 ||    23
       Beef jerky        |       |       |     1 |       ||     1
       Meat ration       |       |       |     1 |       ||     1
       Fruit             |       |       |     1 |       ||     1
